 Dungeon Crawl Stone Soup version 0.20.1-1-g8b1a95d (webtiles) character file.

117 chorizette the Ruffian (level 4, -8/44 HPs)
             Began as a Troll Fighter on Sept 15, 2017.
             Was an Initiate of Okawaru.
             Killed by divine providence
             ... invoked by an orc priest
              (14 damage)
             ... on level 3 of the Dungeon on Sept 16, 2017.
             The game lasted 00:31:30 (1849 turns).

chorizette the Ruffian (Troll Fighter)              Turns: 1849, Time: 00:31:30

Health: -8/44      AC:  5    Str: 24    XL:     4   Next: 71%
Magic:  0/3        EV:  8    Int:  4    God:    Okawaru [......]
Gold:   131        SH:  8    Dex:  7    Spells: 3/3 levels left

rFire    + . .     SeeInvis .     - Unarmed
rCold    . . .     Gourm    +   b - +0 shield
rNeg     . . .     Faith    .   a - +0 robe
rPois    .         Spirit   +   (helmet restricted)
rElec    .         Reflect  .   (no cloak)
rCorr    .         Harm     .   (gloves unavailable)
MR       .....                  (boots unavailable)
Stlth    +.........             l - amulet of guardian spirit
Regen    0.6/turn               g - -3 ring of dexterity (curse)
MPRegen  0.1/turn               m - ring of protection from fire

@: no status effects
A: unfitting armour, claws 3, fast metabolism 3, gourmand, regeneration 1,
shaggy fur 1, tough skin 2
a: Renounce Religion


You were on level 3 of the Dungeon.
You worshipped Okawaru.
Okawaru was noncommittal.
You were very full.

You visited 1 branch of the dungeon, and saw 3 of its levels.

You collected 131 gold pieces.

Inventory:

Hand Weapons
 s - a cursed -2 flail
Missiles
 i - 79 stones (quivered)
Armour
 a - a +0 robe (worn)
 b - a +0 shield (worn)
Jewellery
 g - a cursed -3 ring of dexterity (left claw)
 l - an amulet of guardian spirit (around neck)
 m - a ring of protection from fire (right claw)
Scrolls
 e - a scroll of immolation {unknown}
 k - a scroll of amnesia {unknown}
 n - a scroll of recharging {unknown}
 o - a scroll of enchant armour {unknown}
 r - a scroll of random uselessness {unknown}
Potions
 c - a potion of might
 j - 2 potions of curing {unknown}
 p - a potion of flight {unknown}
 q - a potion of berserk rage {unknown}
Comestibles
 d - 3 bread rations
 f - 3 fruits
 h - 3 chunks of flesh


   Skills:
 + Level 2.8 Fighting
 * Level 0.1 Maces & Flails
 + Level 0.6 Throwing
 + Level 3.0 Dodging
 + Level 2.9 Shields
 + Level 3.2 Unarmed Combat


You had 3 spell levels left.
You didn't know any spells.

Dungeon Overview and Level Annotations

Branches:
Dungeon (3/15)

Altars:
Okawaru

Annotations:
D:2 Sigmund
D:3 ThereIsNoGod's ghost, amateur DrIE


Innate Abilities, Weirdness & Mutations

You are too large for most types of armour.
You have claws for hands.
Your metabolism is lightning-fast.
You like to eat raw meat.
Your natural rate of healing is unusually fast.
You are covered in fur. (AC +1)
You have very tough skin. (AC +2)


Message History

* * * LOW HITPOINT WARNING * * *
Your surroundings suddenly seem different.
An orc comes into view. It is wielding a flail.
The orc shouts!
An orc wizard comes into view. It is wielding a dagger.
The orc wizard shouts!
An orc priest comes into view. It is wielding a mace.
The orc priest shouts!
An orc comes into view. It is wielding a dagger.
The orc shouts!
An orc comes into view. It is wielding a falchion.
The orc shouts! x5
A frilled lizard comes into view.
The frilled lizard hisses angrily.
You block the orc's attack.
Found 5 gold pieces.
A worm, a scorpion, a hobgoblin and an orc priest come into view.
The orc priest mumbles some strange prayers to Beogh against you.
Beogh smites you!
You die...

.. #...# . #..#
# .... . #
######.
..#.....##
..s......##
.........o#
..........###.##
wo.o....@..l....
....o.o...####..
..oo...o..#
.o........#
.o$g.....##
..#.....## #
#######


You could see a scorpion, 2 orc priests, an orc wizard, 7 orcs, a hobgoblin and
a frilled lizard.

Vanquished Creatures
  Terence (D:2)
  Jessica (D:2)
  An ooze (D:1)
  A worm (D:2)
  4 dart slugs
  2 leopard geckos
  3 orcs (D:2)
  3 giant cockroaches
  5 goblins
  7 hobgoblins
  A jackal (D:1)
  4 bats
  A frilled lizard (D:1)
  5 kobolds
  7 rats
46 creatures vanquished.

Notes
Turn   | Place    | Note
-------+----------+-------------------------------------------
     0 | D:1      | chorizette the Troll Fighter began the quest for the Orb.
     0 | D:1      | Reached XP level 1. HP: 22/22 MP: 0/0
   137 | D:1      | Reached XP level 2. HP: 29/29 MP: 1/1
   683 | D:1      | Reached XP level 3. HP: 36/36 MP: 2/2
   893 | D:2      | Found an iron altar of Okawaru.
   909 | D:2      | Became a worshipper of Warmaster Okawaru
   917 | D:2      | Noticed Terence
   928 | D:2      | Killed Terence
   928 | D:2      | Reached XP level 4. HP: 41/44 MP: 3/3
  1013 | D:2      | Noticed Sigmund
  1318 | D:2      | Noticed Jessica
  1324 | D:2      | Killed Jessica
  1571 | D:3      | Noticed ThereIsNoGod's ghost (amateur DrIE)
  1849 | D:3      | Killed from afar by an orc priest

Skill      XL: |  1  2  3  4 |
---------------+-------------+-----
Dodging        | 3 |  3.0
Unarmed Combat | 3 |  3.2
Fighting       | |  2.8
Maces & Flails | |  0.1
Throwing       | |  0.6
Shields        | |  2.9

Action                   |  1- 3 |  4- 6 || total
-------------------------+-------+-------++-------
Melee: Unarmed           |    76 |    57 ||   133
Throw: Stone             |    15 |    51 ||    66
  Use: Scroll            |     1 |     2 ||     3
  Eat: Chunk             |    14 |     8 ||    22
Armor: Robe              |    25 |     8 ||    33
Dodge: Dodged            |    23 |    22 ||    45
Block: Shield            |    24 |    28 ||    52
